 Dungeon Crawl Stone Soup version 0.28.0-43-g3370ac3207 (webtiles) character file.

Game seed: 1131366598708532268

1766 smarlow the Ruffian (level 8, -2/80 HPs)
             Began as a Troll Fighter on Mar 11, 2022.
             Was an Initiate of Wu Jian.
             Slain by an orc warrior
             ... wielding a +0 dire flail
              (10 damage)
             ... on level 5 of the Dungeon.
             The game lasted 00:06:25 (3517 turns).

smarlow the Ruffian (Troll Fighter)                 Turns: 3517, Time: 00:06:25

Health: -2/80      AC:  4    Str: 27    XL:     8   Next: 80%
Magic:  8/8        EV:  9    Int:  4    God:    Wu Jian [......]
Gold:   216        SH:  8    Dex:  9    Spells: 8/8 levels left

rFire   . . .      SeeInvis .     - Unarmed
rCold   . . .      Faith    .   b - +0 kite shield
rNeg    . . .      Spirit   .   a - +0 robe
rPois   .          Reflect  .   (helmet restricted)
rElec   .          Harm     .   (no cloak)
rCorr   .          Rampage  .   (gloves unavailable)
Will    .....                   (boots unavailable)
Stlth   +.........              (no amulet)
HPRegen 1.03/turn               (no ring)
MPRegen 0.11/turn               (no ring)

@: no status effects
A: large, unfitting armour, claws 3, regeneration 1, shaggy fur 1, tough skin 1
a: Renounce Religion


You were on level 5 of the Dungeon.
You worshipped Wu Jian.
Wu Jian was noncommittal.
You visited 2 branches of the dungeon, and saw 7 of its levels.

You collected 216 gold pieces.

Inventory:

Armour
 a - a +0 robe (worn)
 b - a +0 kite shield (worn)
Jewellery
 n - a +6 ring of strength
Wands
 p - a wand of paralysis (7)
Scrolls
 d - 4 scrolls of identify {unknown}
 f - 3 scrolls of teleportation {unknown}
 g - a scroll of enchant weapon {unknown}
 i - 2 scrolls of immolation {unknown}
 j - 2 scrolls of silence {unknown}
Potions
 c - a potion of cancellation {unknown}
 e - a potion of heal wounds {unknown}
 h - 5 potions of curing {unknown}
 k - a potion of invisibility {unknown}
 l - a potion of berserk rage {unknown}
 m - a potion of haste {unknown}
 o - a potion of mutation {unknown}
 q - 2 potions of flight {unknown}


   Skills:
 + Level 5.2 Fighting
 + Level 5.2 Dodging
 + Level 5.3 Shields
 + Level 5.8 Unarmed Combat
 + Level 0.7 Spellcasting


You had 8 spell levels left.
You didn't know any spells.
Your spell library contained the following spells:

 Spells                   Type           Power      Damage    Failure   Level
 Magic Dart               Conj           0%         1d3       75%         1
 Call Imp                 Summ           0%         N/A       87%         2
 Mephitic Cloud           Conj/Pois/Air  0%         N/A       98%         3


Dungeon Overview and Level Annotations

Branches:
Dungeon (6/15)             Temple (1/1) D:4

Altars:
Cheibriados
Dithmenos
Elyvilon
Gozag
Hepliaklqana
Kikubaaqudgha
Makhleb
Okawaru
Qazlal
Ru
Sif Muna
Trog
Uskayaw
Vehumet
Wu Jian
Xom
Zin
The Shining One
Lugonu

Shops:
D:1 *   D:4 (

Annotations:
D:6 Sigmund


Innate Abilities, Weirdness & Mutations

You are too large for most types of armour.
You have claws for hands.
Your natural rate of healing is unusually fast.
You are covered in fur. (AC +1)
You have tough skin. (AC +1)


Message History

You claw the water moccasin skeleton!
The water moccasin skeleton is almost destroyed.
The gnoll hits you with a +0 whip. The orc warrior barely misses you.
You block the gnoll's attack.
You climb upwards.
There is a stone staircase leading down here.
You scratch the orc warrior but do no damage.
You block the orc's attack. You block the orc warrior's attack.
The gnoll closely misses you.
You claw the orc!
You kill the orc!
The Council accepts your kill. You block the orc warrior's attack.
The gnoll hits you with a +0 whip.
You see here a +0 dagger.
You claw the orc warrior!
The orc warrior is moderately wounded.
The orc warrior hits you with a +0 dire flail!
You closely miss the orc warrior.
The orc warrior is moderately wounded.
The orc warrior hits you with a +0 dire flail!
You claw the orc warrior!
The orc warrior is heavily wounded.
You block the orc warrior's attack.
You barely miss the orc warrior.
The orc warrior is heavily wounded.
The orc warrior hits you with a +0 dire flail!
You scratch the orc warrior but do no damage.
The orc warrior is heavily wounded.
The orc warrior hits you with a +0 dire flail!
* * * LOW HITPOINT WARNING * * *
You see here a +0 whip.
You see here a +1 spear of venom.
You barely miss the orc warrior.
The orc warrior is heavily wounded.
The orc warrior hits you with a +0 dire flail!!
* * * LOW HITPOINT WARNING * * *
You claw the orc warrior!
The orc warrior is severely wounded.
The orc warrior hits you with a +0 dire flail!
You die...

##....#♣..^^_^#
##.#####.≈≈#.##
##.# ##...## ##.#
##)## ...# ##.#
#..######..#######
#..#.............#
#..#.####.##.###.#
..........##.# #@#
.....###..##.###o#
#....# #......##g#
#..#.####.##..##)#
...#.[........##)#
##.######.###.##>#
##'## #........#
#...## ##......##
.....## #.##.#.#


You could see an orc warrior and a gnoll.

Vanquished Creatures
  Pikel (D:5)
  Grinder (D:3)
  2 sky beasts (D:5)
  A black bear (D:5)
  An ogre (D:5)
  A phantom (D:4)
  A bullfrog (D:4)
  2 scorpions (D:5)
  A water moccasin skeleton (D:5)
  2 jellies
  2 orc priests (D:3)
  2 hounds
  An iguana (D:4)
  A scorpion zombie (D:5)
  2 orc wizards (D:3)
  A hound skeleton (D:4)
  6 gnolls
  5 adders
  An ufetubus (D:4)
  2 adder skeletons (D:4)
  6 dart slugs
  9 orcs
  7 bats
  7 endoplasms
  4 giant cockroaches (D:1)
  5 goblins
  4 hobgoblins
  A quokka (D:2)
  5 ball pythons
  3 frilled lizards
  4 kobolds
  6 rats
97 creatures vanquished.

Notes
Turn   | Place    | Note
-------+----------+-------------------------------------------
     0 | D:1      | smarlow the Troll Fighter began the quest for the Orb.
     0 | D:1      | Reached XP level 1. HP: 22/22 MP: 0/0
    99 | D:1      | Reached XP level 2. HP: 29/29 MP: 1/1
   214 | D:1      | Found Verekhle's Assorted Antiques.
   314 | D:1      | Reached XP level 3. HP: 34/36 MP: 2/2
   448 | D:2      | Found a faded altar of an unknown god.
   661 | D:2      | Found a shadowy altar of Dithmenos.
   826 | D:3      | Reached XP level 4. HP: 44/44 MP: 3/3
   979 | D:3      | Found a hazy altar of Hepliaklqana.
   981 | D:3      | Found a burning altar of Makhleb.
   981 | D:3      | Found a hide-covered altar of Uskayaw.
  1067 | D:3      | Reached XP level 5. HP: 53/53 MP: 4/4
  1146 | D:3      | Noticed Grinder
  1180 | D:3      | Paralysed by Grinder for 6 turns
  1191 | D:3      | Paralysed by Grinder for 7 turns
  1211 | D:3      | Killed Grinder
  1212 | D:3      | Reached XP level 6. HP: 43/62 MP: 5/5
  1326 | D:3      | Found a shimmering blue altar of Sif Muna.
  1529 | D:4      | Found Yteenn's Antique Weapon Boutique.
  1657 | D:4      | Reached XP level 7. HP: 53/68 MP: 6/6
  1787 | D:4      | Found a staircase to the Ecumenical Temple.
  1804 | Temple   | Entered the Ecumenical Temple
  1978 | D:4      | Found a snail-covered altar of Cheibriados.
  1987 | D:4      | Found a radiant altar of Vehumet.
  2377 | D:4      | Found a bloodstained altar of Trog.
  2416 | D:5      | Entered Level 5 of the Dungeon
  2416 | D:5      | Found a shimmering altar of Xom.
  2416 | D:5      | Found a shimmering altar of Xom.
  2416 | D:5      | Found a shimmering altar of Xom.
  2416 | D:5      | Found a shimmering altar of Xom.
  2416 | D:5      | Found a shimmering altar of Xom.
  2740 | D:5      | Reached skill level 5 in Unarmed Combat
  2740 | D:5      | Reached XP level 8. HP: 72/79 MP: 7/7
  2874 | D:5      | Noticed Pikel
  2886 | D:5      | Killed Pikel
  2887 | D:5      | Reached skill level 5 in Fighting
  2887 | D:5      | Reached skill level 5 in Dodging
  2887 | D:5      | Reached skill level 5 in Shields
  2974 | D:5      | Found an ornate altar of the Wu Jian Council.
  2993 | D:5      | Became a worshipper of the Wu Jian Council
  3471 | D:6      | Noticed Sigmund
  3517 | D:5      | Slain by an orc warrior

Illustrated notes

Levels and vault maps discovered:
D:1:      wheals_arrival_shading, layout_rooms, serial_shops,
          nicolae_diamond_shop, due_unseen_surprise
D:2:      layout_rooms, ebering_ecumenical_altar_sacrificial, basic_altar,
          hangedman_decor_push, amcnicky_mini_rare_corridor_liquid
D:3:      kennysheep_big_flooded_room, layout_basic,
          chequers_temple_overflow_statue_of_worship, kennysheep_orc_sif_temple,
          serial_glass, glass_columns_b, glass_columns_c, glass_columns_a,
          glass_columns_a, uniq_grinder
D:4:      layout_loops_ring, kennysheep_little_box,
          mainiacjoe_overflow_catch_the_wave, minmay_temple_entry_waves,
          minmay_statues_item, nicolae_stop_n_shop_2, serial_bayou_pond_d
D:5:      layout_loops_corners, xom_redecorated,
          nicolae_wu_jian_immortal_techniques, uniq_pikel
D:6:      layout_cave_pools, lemuel_mausoleum_altar_yredelemnul, uniq_sigmund
Temple:   kb_corrupted_temple

Skill      XL: |  1  2  3  4  5  6  7  8 |
---------------+-------------------------+-----
Fighting       | 3 4 5 |  5.2
Dodging        | 3 4 5 |  5.2
Shields        | 3 4 5 |  5.3
Unarmed Combat | 3 4 5 |  5.8
Spellcasting   | |  0.7

Action                   |  1- 3 |  4- 6 |  7- 9 || total
-------------------------+-------+-------+-------++-------
Melee: Unarmed           |   121 |   119 |   146 ||   386
  Use: Potion            |       |     1 |       ||     1
Armor: Robe              |    41 |    32 |    26 ||    99
Dodge: Dodged            |    61 |    37 |    43 ||   141
Block: Kite shield       |    44 |    30 |    47 ||   121
